 Dungeon Crawl Stone Soup version 0.16-a0-3394-g83d1dde (console) character file.

28 MarvinPA the Insei (level 3, -3/24 HPs)
             Began as an Octopode Transmuter on Dec 30, 2014.
             Slain by an adder (4 damage)
             ... on level 2 of the Dungeon.
             The game lasted 00:03:00 (927 turns).

MarvinPA the Insei (Octopode Transmuter)             Turns: 927, Time: 00:03:00

Health: -3/24      AC:  1    Str:  9    XL:     3   Next: 12%
Magic:  6/6        EV: 12    Int: 16    God:
Gold:   38         SH:  0    Dex: 12    Spells: 3 memorised, 0 levels left

rFire  . . .     SeeInvis .       - Unarmed
rCold  . . .     Clarity  .     (no shield)
rNeg   . . .     SustAb   .     (helmet restricted)
rPois  .         Gourm    .     (no amulet)
rElec  .         Spirit   .     (no ring)
rCorr  .         Warding  .     (no ring)
rMut   .         Stasis   .     (no ring)
MR     .....                    (no ring)
Stlth  ++........               (no ring)
                                (no ring)
                                (no ring)
                                (no ring)

@: lethally poisoned, not resistant to hostile enchantments, unstealthy
A: almost no armour, amphibious, 8 rings, constrict 8, camouflage 1, gelatinous
body 1
a: no special abilities


You were on level 2 of the Dungeon.
You were not hungry.

You visited 1 branch of the dungeon, and saw 2 of its levels.

You collected 38 gold pieces.


Innate Abilities, Weirdness & Mutations

You cannot wear most types of armour.
You are amphibious.
You can wear up to eight rings at the same time.
You can use your tentacles to constrict many enemies at once.
Your skin changes colour to match your surroundings (Stealth).
Your rubbery body absorbs attacks (AC +1).


   Skills:
 + Level 2.2 Fighting
 - Level 2.0 Dodging
 + Level 3.6 Unarmed Combat
 - Level 2.0 Spellcasting
 - Level 2.0 Transmutations


You couldn't memorise any spells.
You knew the following spells:

 Your Spells              Type           Power        Failure   Level  Hunger
x - Spider Form           Trmt/Pois      #.........   38%         3    ###....
z - Beastly Appendage     Trmt           #.....       10%         1    #......
Z - Sticks to Snakes      Trmt           #.........   14%         2    ###....

Inventory:

Missiles
 b - 29 arrows
 h - 17 poisoned needles
Scrolls
 c - 5 scrolls of identify {unknown}
 e - 2 scrolls of enchant armour {unknown}
 j - a scroll of teleportation {unknown}
 l - a scroll of fog {unknown}
Books
 d - a book of Changes
Comestibles
 a - a bread ration
 f - 2 chunks of flesh {@w1}
 i - a meat ration
 k - a royal jelly

Dungeon Overview and Level Annotations

Branches:
Dungeon (2/15)

Altars:
Dithmenos

#######
#######.....#######.###
.........#..............
###.....###.....####.##
#.##..# #..##.#.....#
###.###..#..###.#.b...#
.....##.....##..x.....#
^..............S...!..#
...##.........##...##...
..## #..._...# ##..!. #
...# ....... ......
..... ..... ..#...
.....# . .. ..#.# ##..##
..# #.# .


You could see an adder and a bat.


Message History

The adder is heavily wounded.
You feel sick. The bat hits you.
* * * LOW HITPOINT WARNING * * *
The adder bites you.
* * * LOW HITPOINT WARNING * * *
You are lethally poisoned!
The adder poisons you!
Drink which item? (? for menu, Esc to quit)
Okay, then.
Drink which item? (? for menu, Esc to quit)
It was a potion of cancellation.
Your magical effects are unravelling.
You feel magically purged.
* * * LOW HITPOINT WARNING * * *
You feel sick. The bat closely misses you. The adder closely misses you.
The bat hits you but does no damage. The adder closely misses you.
You barely miss the adder. You grab the adder.
The adder is heavily wounded.
Your tentacle spike disappears.
You constrict the adder. The bat hits you but does no damage.
The adder bites you.
* * * LOW HITPOINT WARNING * * *
You are more poisoned.
The adder poisons you!
You tentacle-slap the adder but do no damage.
The adder is heavily wounded.
* * * LOW HITPOINT WARNING * * *
You feel sick. The bat misses you. The bat closely misses you.
The adder bites you.
You die...

Action                   || total
-------------------------++-------
Melee: Unarmed           ||    59
 Cast: Beastly Appendage ||    14
  Use: Potion            ||     1
 Stab: Sleeping          ||     5

Vault maps used:
D:1:      dpeg_arrival_arbitrary_c, kennysheep_another_room
D:2:      first_bread, nicolae_dithmenos_shadow_blocks

Notes
Turn   | Place    | Note
--------------------------------------------------------------
     0 | D:1      | MarvinPA, the Octopode Transmuter, began the quest for the Orb.
     0 | D:1      | Reached XP level 1. HP: 13/13 MP: 3/3
   285 | D:1      | Reached XP level 2. HP: 15/18 MP: 2/4
   290 | D:1      | Learned a level 2 spell: Sticks to Snakes
   710 | D:1      | Reached skill level 2 in Fighting
   853 | D:2      | Reached XP level 3. HP: 20/24 MP: 4/6
   859 | D:2      | Learned a level 3 spell: Spider Form
   899 | D:2      | Found a shadowy altar of Dithmenos.
   926 | D:2      | HP: 2/24 [adder (3)]
   927 | D:2      | Slain by an adder

Vanquished Creatures
  2 giant geckos (D:1)
  4 bats
  5 goblins
  2 hobgoblins
  2 giant newts
  7 kobolds
  4 rats (D:1)
26 creatures vanquished.
